 Dungeon Crawl Stone Soup version 0.29.0-5-ge4962eb29e (webtiles) character file.

Game seed: 536930909079852715

9092 sentinel the Tainter (level 11, -8/95 HPs)
             Began as a Meteoran Earth Elementalist on Aug 28, 2022.
             Was a High Priest of Cheibriados.
             Mangled by a slime creature (17 damage)
             ... on level 11 of the Dungeon.
             The game lasted 00:26:36 (2371 turns).

sentinel the Tainter (Meteoran Earth Elementalist)  Turns: 2371, Time: 00:26:37

Health: -8/95      AC:  8    Str: 22    XL:     11   Next: 99%
Magic:  30/35      EV: 14    Int: 32    God:    Cheibriados [*****.]
Gold:   0          SH:  0    Dex: 31    Spells: 15/31 levels left

rFire   . . .      SeeInvis .   (no weapon)
rCold   . . .      Faith    .   (no shield)
rNeg    . . .      Spirit   .   n - +1 troll leather armour
rPois   .          Reflect  .   l - +0 helmet
rElec   .          Harm     .   c - +0 cloak
rCorr   .          Rampage  .   x - +0 pair of gloves
Will    +....                   (no boots)
Stlth   +.........              (no amulet)
HPRegen 1.05/turn               d - ring of magical power
MPRegen 0.24/turn               v - +6 ring of dexterity

@: glowing, very slow
A: sense surroundings 3, otherworldly, glowing, explore regen, hooves 1
a: Renounce Religion, Bend Time, Temporal Distortion, Slouch, Step From Time


You were on level 11 of the Dungeon.
You worshipped Cheibriados.
Cheibriados was extremely pleased with you.
You visited 2 branches of the dungeon, and saw 13 of its levels.

Inventory:

Missiles
 r - a throwing net
 D - 3 curare-tipped darts
Armour
 a - a +0 robe
 c - a +0 cloak (worn)
 l - a +0 helmet (worn)
 n - a +1 troll leather armour (worn)
 x - a +0 pair of gloves (worn)
 y - a +0 leather armour of poison resistance
Jewellery
 d - a ring of magical power (left hand)
 f - a ring of protection from fire
 k - an amulet of guardian spirit
 u - a ring of fire
 v - a +6 ring of dexterity (right hand)
 C - a ring of ice
Wands
 P - a wand of paralysis (5)
 V - a wand of flame (9)
Scrolls
 m - a scroll of noise
 o - 2 scrolls of fear
 s - 2 scrolls of vulnerability
 t - 5 scrolls of teleportation
 z - a scroll of blinking
Potions
 b - 2 potions of magic
 e - a potion of cancellation
 g - a potion of flight {unknown}
 h - 3 potions of haste
 i - 2 potions of berserk rage
 j - 3 potions of attraction {unknown}
 p - a potion of ambrosia {unknown}
 q - 3 potions of curing
 w - 3 potions of heal wounds
 A - a potion of might {unknown}
 B - 2 potions of resistance {unknown}
 M - 2 potions of mutation


   Skills:
 - Level 8.6 Fighting
 + Level 2.4 Dodging
 - Level 1.4 Stealth
 - Level 10.8 Spellcasting
 - Level 6.0 Conjurations
 - Level 4.0 Transmutations
 - Level 8.0 Earth Magic
 - Level 11.7 Poison Magic
 + Level 0.0 Invocations
 + Level 0.0 Evocations


You had 15 spell levels left.
You knew the following spells:

 Your Spells              Type           Power      Damage    Failure   Level
a - Sandblast             Erth           100%       2d20      1%          1
b - Stone Arrow           Conj/Erth      100%       3d13      1%          3
c - Passwall              Tmut/Erth      45%        N/A       1%          2
d - Ignite Poison         Fire/Tmut/Pois 50%        N/A       1%          3
m - Mephitic Cloud        Conj/Pois/Air  53%        N/A       1%          3
t - Olgreb's Toxic Radia  Pois           75%        N/A       1%          4

Your spell library contained the following spells:

 Spells                   Type           Power      Damage    Failure   Level
 Sting                    Tmut/Pois      100%       1d8       1%          1
 Poisonous Vapours        Pois/Air       100%       N/A       1%          2
 Static Discharge         Conj/Air       36%        3-8/arc   1%          2
 Petrify                  Tmut/Erth      54%        N/A       2%          4
 Ozocubu's Armour         Ice            17%        N/A       10%         3
 Lightning Bolt           Conj/Air       18%        1d32      26%         5
 Freezing Cloud           Conj/Ice/Air   15%        6-21      36%         5
 Metabolic Englaciation   Hex/Ice        8%         N/A       65%         5
 Simulacrum               Ice/Necr       8%         N/A       99%         6
 Maxwell's Capacitive Co  Air            8%         ∞         100%        8


Dungeon Overview and Level Annotations

Branches:
Dungeon (12/15) Zot: 7276  Temple (1/1) D:6 Zot: 881
   Lair: D:8-11         Orc: D:9-12

Altars:
Ashenzari
Cheibriados
Dithmenos
Elyvilon
Fedhas
Gozag
Hepliaklqana
Kikubaaqudgha
Makhleb
Nemelex Xobeh
Okawaru
Qazlal
Vehumet
Xom
Yredelemnul
Zin
The Shining One

Shops:
D:5 !   D:6 (*

Annotations:
D:4 Sigmund
D:8 3 runed translucent doors, sentinel's ghost, novice MeEE
D:12 Nessos


Innate Abilities, Weirdness & Mutations

You passively map a large area around you.
You are easily found by Zot.
You glow in the dark.
You regain HP and MP as you explore.
You have large cloven feet.


Message History

A killer bee comes into view.
Casting: Ignite Poison (safe; 1% risk of failure)
Confirm with . or Enter, or press ? or * to list all spells.
You begin to radiate toxic energy.
The killer bee looks even sicker.
The killer bee is poisoned.
The killer bee looks even sicker.
The killer bee stings you but does no damage. x2
Casting: Olgreb's Toxic Radiance (safe; 1% risk of failure)
Confirm with . or Enter, or press ? or * to list all spells.
You ignite the poison in your surroundings!
The killer bee seems to burn from within!!!
You kill the killer bee!
Cheibriados thoroughly appreciates the change of pace.
The killer bee seems to burn from within!!
You kill the killer bee!
Cheibriados thoroughly appreciates the change of pace.
You can now step out of the flow of time.
Cheibriados raises the support of your attributes as your movement slows.
Your toxic aura wanes.
A killer bee comes into view.
The sentinel's mark upon you fades away.
You see here a killer bee corpse.
The killer bee stings you.
You are poisoned.
The killer bee poisons you!
Casting: Ignite Poison (safe; 1% risk of failure)
Confirm with . or Enter, or press ? or * to list all spells.
You begin to radiate toxic energy.
The killer bee is poisoned.
You feel sick.
The killer bee stings you but does no damage.
The killer bee misses you.
The killer bee looks even sicker.
Your toxic aura wanes.
You feel sick. The killer bee stings you. The killer bee barely misses you.
The killer bee completely misses you.
You feel sick. The killer bee stings you.
The killer bee stings you but does no damage.
The killer bee misses you.
You feel sick.
You kill the killer bee!
Cheibriados thoroughly appreciates the change of pace.
You feel sick.
You feel sick.
You feel sick.
You are no longer poisoned.
There is a stone staircase leading down here.
You climb downwards.
Magic restored.
There is a stone staircase leading up here.
Casting: Olgreb's Toxic Radiance (safe; 1% risk of failure)
Confirm with . or Enter, or press ? or * to list all spells.
Aiming: Passwall (safe; 1% risk of failure)
Press: ? - help, Dir - move target A rock wall.
You begin to meditate on the wall.
You continue meditating on the rock. x2
You finish merging with the rock.
Casting: Passwall (safe; 1% risk of failure)
Confirm with . or Enter, or press ? or * to list all spells.
Aiming: Passwall (safe; 1% risk of failure)
Press: ? - help, Dir - move target A rock wall.
You begin to meditate on the wall.
You continue meditating on the rock. x2
You finish merging with the rock.
Found an escape hatch in the ceiling.
A centaur comes into view.
Found 13 gold pieces.
The centaur shouts!
The centaur wields a +0 shortbow.
The centaur shoots an arrow.
The arrow hits you!
The centaur shoots an arrow.
The arrow barely misses you.
Casting: Passwall (safe; 1% risk of failure)
Confirm with . or Enter, or press ? or * to list all spells.
You begin to radiate toxic energy.
The centaur is poisoned.
The centaur looks even sicker.
The centaur shoots an arrow.
The arrow hits you!
The centaur shoots an arrow.
The arrow hits you!
Casting: Olgreb's Toxic Radiance (safe; 1% risk of failure)
Confirm with . or Enter, or press ? or * to list all spells.
You ignite the poison in your surroundings!
The centaur seems to burn from within!!
You kill the centaur!
Cheibriados thoroughly appreciates the change of pace.
Found 10 gold pieces.
Your toxic aura wanes.
Something hits you.
Deactivating autopickup; reactivate with Ctrl-A.
Something hits you.
You hit something. You kick something. Something hits you. Something hits you!
Casting: Ignite Poison (safe; 1% risk of failure)
Confirm with . or Enter, or press ? or * to list all spells.
You begin to radiate toxic energy.
Something hits you.
Casting: Olgreb's Toxic Radiance (safe; 1% risk of failure)
Confirm with . or Enter, or press ? or * to list all spells.
You can't see any susceptible monsters within range! (Use Z to cast anyway.)
Casting: Olgreb's Toxic Radiance (safe; 1% risk of failure)
Confirm with . or Enter, or press ? or * to list all spells.
You ignite the poison in your surroundings!
Something seems to burn from within!!!
Cheibriados thoroughly appreciates the change of pace.
Reactivating autopickup.
You feel a bit more experienced.
Found 12 gold pieces.
Your toxic aura wanes.
Found a copper wand.
Found a stone staircase leading down.
Things that are here:
a +0 shortbow; a centaur corpse
P - a wand of paralysis (5)
There is a stone staircase leading down here.
You climb downwards.
You hear a distant snort.
Hark!
There is a gateway to a gauntlet on this level.
Find the entrance quickly before the gate is sealed!
Level annotation: Nessos You hear the deafening beating of a drum nearby.
The slime creature quivers. x3
The slime creature hits you. The slime creature hits you!
The slime creature quivers.
There is a stone staircase leading up, spattered with blood here.
The slime creature closely misses you.
Two slime creatures merge to form a large slime creature. x2
You climb upwards.
There is a stone staircase leading down here.
Casting: Ignite Poison (safe; 1% risk of failure)
Confirm with . or Enter, or press ? or * to list all spells.
You begin to radiate toxic energy.
Okay, then.
Aiming: Paralyse
Press: ? - help, Shift-Dir - straight line, f - large slime creature
Aim: a large slime creature (chance to affect: 31%)
Okay, then.
Okay, then.
Okay, then.
Okay, then.
Okay, then.
Okay, then.
Okay, then.
Okay, then.
Okay, then.
Okay, then.
Casting: Olgreb's Toxic Radiance (safe; 1% risk of failure)
Confirm with . or Enter, or press ? or * to list all spells.
Aiming: Passwall (safe; 1% risk of failure)
Press: ? - help, Dir - move target A rock wall.
The large slime creature hits you but does no damage.
The large slime creature misses you.
You begin to meditate on the wall.
You continue meditating on the rock.
Your toxic aura wanes.
The large slime creature hits you!!!
A large slime creature splits.
You continue meditating on the rock.
The large slime creature hits you!!
* * * LOW HITPOINT WARNING * * *
The slime creature hits you.
* * * LOW HITPOINT WARNING * * *
The slime creature hits you!
You die...

#############
#.J.........# ### *
#@J.....)...# #.. , *
#J..$.......# #.# , *
*#..........$..####.# *
, ,
#....#...........##.+.#
,
#..####.$.........#..#.#
*,, +.
#.............##.# , *
#.......<...####.# * *
#...........# #.#
#####.####### #..


You could see a large slime creature and 2 slime creatures.

Vanquished Creatures
  Snorg (D:11)
  Sonja (D:11)
  Joseph (D:9)
  An unseen horror (D:11)
  A kobold demonologist (D:9)
  3 trolls
  A wraith (D:11)
  8 yaks
  A wyvern (D:9)
  Grum (D:9)
  A steam dragon (D:6)
  4 water moccasins
  Duvessa (D:5)
  An orc warrior (D:9)
  An ice beast (D:6)
  An ogre (D:4)
  4 wolves (D:9)
  7 centaurs
  A phantom (D:5)
  A kobold brigand (D:8)
  2 necrophages
  3 gnoll sergeants
  5 wights
  3 scorpions
  Dowan (D:5)
  20 killer bees
  4 hounds
  3 gnoll boudas
  7 orc priests
  7 orc wizards
  Natasha (thrice) (D:2)
  4 iguanas
  32 gnolls
  5 adders
  A white imp (D:6)
  2 ufetubi
  A worm (D:2)
  2 dart slugs (D:2)
  21 orcs
  4 endoplasms
  4 giant cockroaches
  2 goblins
  3 hobgoblins
  3 jackals (D:2)
  3 kobolds
  2 quokkas
  5 ball pythons
  2 frilled lizards (D:1)
  5 rats
200 creatures vanquished.

Notes
Turn   | Place    | Note
-------+----------+-------------------------------------------
     0 | D:1      | sentinel the Meteoran Earth Elementalist began the quest
                  | for the Orb.
     0 | D:1      | Reached XP level 1. HP: 14/14 MP: 5/5
    79 | D:1      | Reached XP level 2. HP: 18/20 MP: 1/6
    84 | D:1      | Learned a level 2 spell: Passwall
   190 | D:2      | Reached skill level 1 in Fighting
   190 | D:2      | Reached XP level 3. HP: 28/28 MP: 8/8
   194 | D:2      | Learned a level 3 spell: Stone Arrow
   203 | D:2      | Found a glowing golden altar of the Shining One.
   245 | D:2      | Reached skill level 1 in Conjurations
   246 | D:2      | Noticed Natasha
   250 | D:2      | Killed Natasha
   251 | D:2      | Reached XP level 4. HP: 35/35 MP: 9/9
   337 | D:2      | Noticed Natasha
   344 | D:2      | Killed Natasha
   345 | D:2      | Reached skill level 5 in Earth Magic
   345 | D:2      | Reached XP level 5. HP: 21/40 MP: 10/10
   427 | D:4      | Learned a level 3 spell: Mephitic Cloud
   458 | D:5      | Entered Level 5 of the Dungeon
   471 | D:4      | Reached XP level 6. HP: 38/47 MP: 3/11
   540 | D:2      | Noticed Natasha
   544 | D:2      | Killed Natasha
   634 | D:4      | Noticed Sigmund
   646 | D:4      | Noticed an ogre
   649 | D:4      | Killed an ogre
   650 | D:4      | Reached XP level 7. HP: 47/52 MP: 13/15
   651 | D:4      | Reached skill level 5 in Spellcasting
   663 | D:4      | Learned a level 4 spell: Olgreb's Toxic Radiance
   694 | D:5      | Learned a level 3 spell: Ignite Poison
   695 | D:5      | Noticed Duvessa
   699 | D:5      | Noticed Dowan
   704 | D:5      | Killed Duvessa
   705 | D:5      | Reached skill level 3 in Poison Magic
   705 | D:5      | Killed Dowan
   713 | D:5      | Found Ossibre's Distillery.
   722 | D:5      | Noticed a vampire
   749 | D:4      | Reached skill level 4 in Poison Magic
   757 | D:4      | Reached XP level 8. HP: 59/59 MP: 16/16
   938 | D:5      | Reached skill level 5 in Poison Magic
   998 | D:5      | Reached skill level 6 in Poison Magic
  1105 | D:6      | Noticed a steam dragon
  1105 | D:6      | Found Vuytre's General Store.
  1108 | D:6      | Reached skill level 7 in Poison Magic
  1111 | D:6      | Killed a steam dragon
  1115 | D:6      | Reached skill level 8 in Poison Magic
  1129 | D:6      | Found Douline's Weapon Shop.
  1136 | D:6      | Gained mutation: You passively map the area around you.
                  | [Meteoran growth]
  1136 | D:6      | Reached XP level 9. HP: 56/64 MP: 12/17
  1171 | D:6      | Found a staircase to the Ecumenical Temple.
  1180 | Temple   | Entered the Ecumenical Temple
  1187 | Temple   | Became a worshipper of Cheibriados the Contemplative
  1208 | D:6      | Reached skill level 9 in Poison Magic
  1235 | D:6      | Reached skill level 10 in Poison Magic
  1237 | D:6      | Reached skill level 11 in Poison Magic
  1261 | D:8      | Reached XP level 10. HP: 57/71 MP: 17/18
  1271 | D:8      | Reached * piety under Cheibriados
  1334 | D:9      | Reached skill level 5 in Conjurations
  1346 | D:9      | Reached ** piety under Cheibriados
  1392 | D:9      | Noticed Joseph
  1397 | D:9      | Killed Joseph
  1415 | D:10     | Entered Level 10 of the Dungeon
  1536 | D:9      | Noticed Grum
  1541 | D:9      | Killed Grum
  1576 | D:8      | Found a runed translucent gate.
  1576 | D:8      | Found a runed translucent gate.
  1576 | D:8      | Found a runed translucent gate.
  1581 | D:8      | Noticed sentinel's ghost (novice MeEE)
  1675 | D:7      | Gained mutation: You are occasionally teleported next to
                  | monsters. [potion of mutation]
  1675 | D:7      | Gained mutation: Your muscles are strong. (Str +4, Int/Dex
                  | -1) [potion of mutation]
  1688 | D:8      | Lost mutation: You are occasionally teleported next to
                  | monsters. [potion of mutation]
  1688 | D:8      | Lost mutation: Your muscles are strong. (Str +4, Int/Dex
                  | -1) [potion of mutation]
  1688 | D:8      | Gained mutation: You have large cloven feet. [potion of
                  | mutation]
  1688 | D:8      | Gained mutation: You passively map a large area around you.
                  | [potion of mutation]
  1707 | D:7      | Reached *** piety under Cheibriados
  1845 | D:8      | Reached XP level 11. HP: 80/85 MP: 23/23
  1848 | D:8      | Reached skill level 5 in Fighting
  1860 | D:8      | Reached **** piety under Cheibriados
  2051 | D:11     | Noticed Snorg
  2057 | D:11     | Killed Snorg
  2081 | D:12     | Noticed Nessos
  2133 | D:11     | Reached skill level 10 in Spellcasting
  2176 | D:11     | Noticed Sonja
  2178 | D:11     | Killed Sonja
  2306 | D:10     | Reached ***** piety under Cheibriados
  2371 | D:11     | Mangled by a slime creature

Illustrated notes

Levels and vault maps discovered:
D:1:      dpeg_arrival_lava_altar, layout_basic,
          hellmonk_ecumenical_altar_run_dry, corner_web_ring
D:2:      layout_basic, basic_altar, uniq_natasha
D:3:      layout_rooms, minitemple, dreamdust_mushroom_princess
D:4:      layout_gridville, uniq_sigmund, uniq_pikel
D:5:      layout_rooms, serial_shops, shop_statue, minivault_14,
          chequers_serial_rivers_small_b, uniq_duvessa
D:6:      layout_rooms, minmay_temple_entry_glassed_door, serial_shops,
          nicolae_square_shop, nrook_mini_vaults, minmay_shop_grid_forest
D:7:      layout_rooms
D:8:      nicolae_cairo_tiling_large, layout_basic, gammafunk_ghost_necromancy,
          st_stairs_8
D:9:      minmay_evil_eye, layout_cave_pools, david_lair_shrubbed, uniq_joseph,
          uniq_grum
D:10:     layout_basic, david_defended_altar_orc
D:11:     layout_roguey, uniq_snorg, uniq_sonja
D:12:     layout_loops_corners, orc_0_dummy, gammafunk_ghost_stat_death,
          gauntlet_entry_generic, kennysheep_small_square, uniq_nessos,
          uniq_kirke
Temple:   sentei_temple_godly_chess

Skill      XL: |  1  2  3  4  5  6  7  8  9 10 11 |
---------------+----------------------------------+-----
Earth Magic    | 4 5 7 8 |  8.0
Fighting       | 1 4 8 |  8.6
Conjurations   | 2 3 4 6 |  6.0
Spellcasting   | 4 5 7 10 | 10.8
Poison Magic   | 4 8 11 | 11.7
Transmutations | 4 |  4.0
Dodging        | |  2.4
Stealth        | |  1.4

Action                   |  1- 3 |  4- 6 |  7- 9 | 10-12 || total
-------------------------+-------+-------+-------+-------++-------
Melee: Unarmed           |       |     1 |       |     6 ||     7
       Kick              |       |       |       |     5 ||     5
 Cast: Sandblast         |    30 |    44 |    34 |    21 ||   129
       Passwall          |     7 |    16 |     8 |    45 ||    76
       Stone Arrow       |       |     7 |    38 |    20 ||    65
       Mephitic Cloud    |       |       |     1 |     3 ||     4
       Olgreb's Toxic Ra |       |       |     6 |    42 ||    48
       Ignite Poison     |       |       |     1 |    41 ||    42
  Use: Potion            |       |     3 |       |     2 ||     5
       Scroll            |       |     2 |     6 |     9 ||    17
Armor: Robe              |     7 |    11 |    11 |    17 ||    46
       Troll leather arm |       |       |       |    13 ||    13
Dodge: Dodged            |     6 |    20 |    23 |    50 ||    99
